 Dungeon Crawl Stone Soup version 0.24.1-14-gf8d2b509d9 (webtiles) character file.

Game seed: 4302226599486142665, levelgen mode: deterministic

109 Jumperg the Vexing (level 5, -1/37 HPs)
             Began as a Formicid Arcane Marksman on June 9, 2020.
             Slain by a gnoll (4 damage)
             ... on level 2 of the Dungeon.
             The game lasted 00:36:01 (1943 turns).

Jumperg the Vexing (Formicid Arcane Marksman)       Turns: 1943, Time: 00:36:02

Health: -1/37      AC:  2    Str: 16    XL:     5   Next: 13%
Magic:  6/6        EV: 12    Int: 12    God:
Gold:   148        SH:  0    Dex: 11    Spells: 5/6 levels left

rFire    . . .     SeeInvis +   q - +0 short sword
rCold    . . .     Gourm    .   (no shield)
rNeg     . . .     Faith    .   e - +0 robe
rPois    .         Spirit   .   (helmet unavailable)
rElec    .         Reflect  .   (no cloak)
rCorr    .         Harm     .   (no gloves)
MR       .....                  (no boots)
Stlth    ++........             (no amulet)
HPRegen  0.12/turn              (no ring)
MPRegen  0.10/turn              (no ring)

@: no status effects
A: permanent stasis, dig shafts and tunnels, four strong arms, antennae 3
a: Dig, Shaft Self


You were on level 2 of the Dungeon.
You were not hungry.

You visited 1 branch of the dungeon, and saw 2 of its levels.

You collected 148 gold pieces.

Inventory:

Hand Weapons
 a - a +0 hunting sling
 c - a +0 dagger
 h - a +0 hand axe
 q - a +0 short sword (weapon)
Missiles
 d - 14 sling bullets
 i - 33 bolts
 m - 40 stones
 o - 7 boomerangs (quivered)
Armour
 e - a +0 robe (worn)
 k - a +2 ring mail of fire resistance
Scrolls
 b - 2 scrolls of remove curse {unknown}
 g - a scroll of magic mapping {unknown}
 j - a scroll of immolation {unknown}
 n - 2 scrolls of identify {unknown}
 r - a scroll of enchant armour {unknown}
Potions
 l - a potion of magic {unknown}
 s - a potion of curing {unknown}
Comestibles
 f - 5 rations


   Skills:
 + Level 1.1 Fighting
 - Level 3.4 Slings
 - Level 1.7 Dodging
 - Level 3.1 Stealth
 * Level 1.2 Spellcasting
 + Level 4.7 Hexes


You had 5 spell levels left.
You knew the following spells:

 Your Spells              Type           Power        Failure   Level  Hunger
a - Corona                Hex            ##.....      4%          1    ##.....

Your spell library contained the following spells:

 Spells                   Type           Power        Failure   Level  Hunger
 Slow                     Hex            ##......     6%          2    ###....
 Magic Dart               Conj           #...         30%         1    ##.....
 Inner Flame              Hex/Fire       #.......     32%         3    ####...
 Portal Projectile        Hex/Tloc       #.....       32%         3    ####...
 Cause Fear               Hex            ##........   38%         4    #####..
 Call Imp                 Summ           #.......     41%         2    ###....
 Conjure Flame            Conj/Fire      #.......     65%         3    ####...
 Mephitic Cloud           Conj/Pois/Air  #.......     65%         3    ####...
 Leda's Liquefaction      Hex/Erth       #.........   73%         4    #####..
 Blink                    Tloc           Unusable     N/A         2    N/A

Dungeon Overview and Level Annotations

Branches:
Dungeon (2/15)

Altars:


Innate Abilities, Weirdness & Mutations

You cannot be hasted, slowed, berserked, paralysed or teleported.
You can dig through walls and to a lower floor.
Your four strong arms can wield two-handed weapons with a shield.
You have a pair of large antennae on your head. (SInv)


Message History

You hit the gnoll but do no damage.
The gnoll is severely wounded.
The gnoll barely misses you.
You completely miss the gnoll.
The gnoll is severely wounded.
The gnoll hits you.
You hit the gnoll.
The gnoll is severely wounded.
The gnoll hits you!
* * * LOW HITPOINT WARNING * * *
You closely miss the gnoll.
The gnoll is severely wounded.
The gnoll hits you.
* * * LOW HITPOINT WARNING * * *
The gnoll barely misses you.
A gnoll comes into view. It is wielding a +0 spear.
You barely miss the gnoll.
The gnoll is severely wounded.
The gnoll hits you.
You die...

#.#...#.# #...##########..
#.#####.# #...# #.... #.# #.#
#...# #.#.# ######.# #.# #...#
###.#.. .......#####.# #...#
#......
...##........#####...######)..#.#
...##.###..#.....................
...##.##.................).......
...#.......#....@g.......#######.
...#..##...#######...##.###.⌠.###
...........# #...##.##.....##
##.#.##>...# #...##.#.......#
......#..#.# #...##.#.≈...≈.#
.#.#....)..#######...##.#.......#
.#.......#...{>..#.{.##.#.......#
........##.......##g###.#.......#
.####.####.#####.##.##..#.≈...≈.#


You could see a gnoll.

Vanquished Creatures
  An orc priest (D:2)
  3 worms (D:2)
  3 dart slugs
  6 orcs (D:2)
  4 bats (D:1)
  7 giant cockroaches
  4 goblins
  2 hobgoblins
  8 jackals
  2 quokkas (D:2)
  2 frilled lizards (D:1)
  3 kobolds
  9 rats
54 creatures vanquished.

Notes
Turn   | Place    | Note
-------+----------+-------------------------------------------
     0 | D:1      | Jumperg the Formicid Arcane Marksman began the quest for
                  | the Orb.
     0 | D:1      | Reached XP level 1. HP: 15/15 MP: 2/2
    88 | D:1      | Reached skill level 1 in Stealth
    88 | D:1      | Reached XP level 2. HP: 20/21 MP: 0/3
   212 | D:1      | Reached skill level 4 in Hexes
   330 | D:1      | Reached XP level 3. HP: 6/26 MP: 4/4
  1243 | D:2      | Reached XP level 4. HP: 25/32 MP: 3/5
  1693 | D:2      | Reached XP level 5. HP: 37/37 MP: 4/6
  1943 | D:2      | Slain by a gnoll

Levels and vault maps discovered:
D:1:      onia_arrival_larder, layout_rooms
D:2:      cheibrodos_pilgrimage, layout_loops_cross, first_ration

Skill      XL: |  1  2  3  4 |
---------------+-------------+-----
Stealth        | 1 2 3 |  3.1
Hexes          | 4 |  4.7
Slings         | 3 |  3.4
Fighting       | |  1.1
Dodging        | |  1.7
Spellcasting   | |  1.2

Action                   |  1- 3 |  4- 6 || total
-------------------------+-------+-------++-------
Melee: Hunting sling     |     1 |       ||     1
       Hand axe          |    22 |       ||    22
       Short sword       |     6 |    38 ||    44
       Dagger            |     4 |       ||     4
 Fire: Hunting sling     |    74 |    41 ||   115
Throw: Boomerang         |     1 |       ||     1
 Cast: Corona            |     8 |     8 ||    16
 Stab: Sleeping          |     1 |     1 ||     2
  Eat: Chunk             |     1 |     3 ||     4
Armor: Robe              |    15 |     3 ||    18
Dodge: Dodged            |    47 |    22 ||    69
